 Dungeon Crawl Stone Soup version 0.31-a0-516-gfcb59812bd (webtiles) character file.

Game seed: 4858803014944877709

22759 GordonOverkill the Fighter (level 13, -4/76 HPs)
             Began as a Vine Stalker Delver on Aug 10, 2023.
             Was an Elder of Vehumet.
             Slain by a three-headed hydra simulacrum (7 damage)
             ... in an ice cave.
             The game lasted 00:38:02 (14479 turns).

GordonOverkill the Fighter (Vine Stalker Delver)   Turns: 14479, Time: 00:38:03

Health: -4/76      AC: 14    Str: 22    XL:     13   Next: 2%
Magic:  0/27       EV: 11    Int: 22    God:    Vehumet [****..]
Gold:   839        SH:  5    Dex: 16    Spells: 18/30 levels left

rFire   . . .        f - +6 halberd (venom)
rCold   + . .        (shield currently unavailable)
rNeg    . . .        A - +3 ring mail
rPois   +            b - +0 helmet
rElec   .            z - +1 cloak {rPois}
rCorr   .            j - +1 pair of gloves of Gomniregh {rC+ Str+2 Stlth-}
SInv    .            q - +0 pair of boots
Will    ++...        H - amulet "Ferull" {Reflect Will+ Str+4 Int+2 SH+5}
Stlth   ++           k - ring of wizardry
HPRegen 1.12/turn    d - +6 ring of intelligence
MPRegen 0.20/turn

%: reflection, guardian spirit, wizardry (x1)
@: slowed, studying Fighting, very slow
A: fangs 3, regeneration 1, magic shield, antimagic bite, no potion heal 2
a: Renounce Religion


You were in an ice cave.
You worshipped Vehumet.
Vehumet was greatly pleased with you.
You visited 3 branches of the dungeon, and saw 15 of its levels.
You also visited: Bailey and Ice Cave.

You collected 839 gold pieces.

Inventory:

Hand Weapons
 f - a +6 halberd of venom (weapon)
 D - the +9 whip of Olanwuhehi {heavy, rElec}
   (You took it off an orc on level 3 of the Dungeon)

   rElec:     It insulates you from electricity.
Missiles
 u - 6 curare-tipped darts
 P - a throwing net (quivered)
Armour
 b - a +0 helmet (worn)
 j - the +1 pair of gloves of Gomniregh (worn) {rC+ Str+2 Stlth-}
   (You acquired it on level 7 of the Dungeon)

   Str+2:     It affects your strength (+2).
   rC+:       It protects you from cold.
   Stlth-:    It makes you less stealthy.
 q - a +0 pair of boots (worn)
 z - a +1 cloak of poison resistance (worn)
 A - a +3 ring mail (worn)
 L - a +2 robe of cold resistance
Magical Staves
 o - a staff of cold
Jewellery
 a - a ring of flight
 d - a +6 ring of intelligence (right hand)
 k - a ring of wizardry (left hand)
 C - a ring of ice
 H - the amulet "Ferull" (around neck) {Reflect Will+ Str+4 Int+2 SH+5}
   (You acquired it in a bailey)

   [amulet of reflection]

   Reflect:   It reflects blocked missile attacks.
   Str+4:     It affects your strength (+4).
   Int+2:     It affects your intelligence (+2).
   Will+:     It increases your willpower.
   SH+5:      It affects your SH (+5).
 N - a +4 ring of protection
 Q - a ring of ice
Wands
 e - a wand of roots (9)
 g - a wand of digging (2)
 w - a wand of flame (11)
 y - a wand of polymorph (5)
Scrolls
 c - a scroll of fog
 h - 2 scrolls of immolation
 i - 5 scrolls of teleportation {unknown}
 m - 2 scrolls of identify
 v - 2 scrolls of vulnerability
 B - a scroll of butterflies
 E - a scroll of enchant weapon
 I - 2 scrolls of enchant armour {unknown}
 K - a scroll of brand weapon {unknown}
Potions
 l - 5 potions of enlightenment
 p - 5 potions of might {unknown}
 r - a potion of cancellation
 s - 3 potions of degeneration {unknown}
 t - a potion of brilliance
 x - a potion of lignification
 G - 3 potions of invisibility
 J - a potion of mutation
 M - 2 potions of ambrosia
 O - 2 potions of curing
 R - a potion of resistance


   Skills:
 + Level 12.4 Fighting
 - Level 1.7 Polearms
 - Level 1.5 Dodging
 - Level 6.0 Stealth
 + Level 9.3 Spellcasting
 + Level 9.3 Conjurations
 + Level 9.3 Ice Magic
 + Level 9.3 Air Magic
 - Level 5.0 Evocations


You had 18 spell levels left.
You knew the following spells:

 Your Spells              Type           Power      Damage    Failure   Level
a - Freezing Cloud        Conj/Ice/Air   25%        6-21      1%          5
b - Mephitic Cloud        Conj/Pois/Air  37%        N/A       1%          3
c - Airstrike             Air            25%        2d(4-20)  1%          4

Your spell library contained the following spells:

 Spells                   Type           Power      Damage    Failure   Level
 Cigotuvi's Dreadful Rot  Necr/Pois/Air  48%        N/A       1%          2
 Poisonous Vapours        Pois/Air       60%        N/A       1%          2
 Inner Flame              Hex/Fire       10%        N/A       3%          3
 Necrotise                Necr           40%        1d6       4%          1
 Blink                    Tloc           20%        N/A       6%          2
 Summon Lightning Spire   Summ/Air       30%        N/A       6%          4
 Tukima's Dance           Hex            10%        N/A       12%         3
 Lee's Rapid Deconstruct  Erth           5%         3d6*      28%         5
 Yara's Violent Unravell  Hex/Tmut       5%         3d4       28%         5
 Animate Armour           Summ/Erth      20%        N/A       38%         4
 Dispel Undead            Necr           10%        3d9       38%         4
 Manifold Assault         Tloc           10%        N/A       38%         4
 Passage of Golubria      Tloc           10%        N/A       38%         4
 Death Channel            Necr           5%         N/A       99%         6
 Enfeeble                 Hex            5%         N/A       100%        7


Dungeon Overview and Level Annotations

Branches:
Dungeon (13/15)            Temple (1/1) D:6            Lair (1/5) D:11
    Orc (0/2) D:9          Bailey (visited)           IceCv (1/1)
 Vaults: D:13-14

Altars:
Ashenzari
Cheibriados
Dithmenos
Elyvilon
Fedhas
Gozag
Hepliaklqana
Kikubaaqudgha
Makhleb
Nemelex Xobeh
Okawaru
Qazlal
Ru
Sif Muna
Trog
Uskayaw
Vehumet
Wu Jian
Xom
Yredelemnul
Zin
The Shining One

Annotations:
D:10 Nergalle
D:13 Rupert


Innate Abilities, Weirdness & Mutations

You have razor-sharp teeth.
Your natural rate of healing is unusually fast.
When hurt, damage is shared between your health and your magic reserves.
Your bite disrupts and absorbs the magic of your enemies.
Potions cannot restore your health.


Message History

The freezing wraith hits you!
* * * LOW HITPOINT WARNING * * *
The freezing wraith freezes you. You resist.
* * * LOW HITPOINT WARNING * * *
You block the freezing wraith's attack.
The three-headed hydra simulacrum bites you but does no damage. x2
The three-headed hydra simulacrum closely misses you.
Magic courses through your body.
The freezing wraith hits you but does no damage. x2
The freezing wraith hits you!
* * * LOW HITPOINT WARNING * * *
The freezing wraith freezes you! You resist.
* * * LOW HITPOINT WARNING * * *
The freezing wraith barely misses you.
The three-headed hydra simulacrum completely misses you.
The three-headed hydra simulacrum barely misses you.
The three-headed hydra simulacrum bites you but does no damage.
You hit the freezing wraith but do no damage.
The freezing wraith is severely damaged.
You block the freezing wraith's attack. The freezing wraith barely misses you.
The three-headed hydra simulacrum bites you.
The three-headed hydra simulacrum freezes you!
You resist.
* * * LOW HITPOINT WARNING * * *
The three-headed hydra simulacrum closely misses you.
The three-headed hydra simulacrum barely misses you.
The freezing wraith barely misses you.
The freezing wraith hits you but does no damage.
The three-headed hydra simulacrum bites you but does no damage. x2
The three-headed hydra simulacrum completely misses you.
You closely miss the freezing wraith. You bite the freezing wraith!
You drain its power.
You feel invigorated.
The freezing wraith is almost destroyed.
The freezing wraith hits you but does no damage.
The freezing wraith closely misses you.
The three-headed hydra simulacrum bites you.
* * * LOW HITPOINT WARNING * * *
The three-headed hydra simulacrum freezes you!
You resist.
You die...

#####+####
'.......+
###.8...8.#
.'.......+
.###.8...8.###.
.'...........'.
###.8...8.#
#.'..ZW...+
###.8.@.8.#
+.......+
#'#...#+#
#.#...# ###...#
#...# ## #...#
## #⌠?##'##[⌠#
###.4#...#4.###


You could see a freezing wraith and a three-headed hydra simulacrum.

Vanquished Creatures
  Fannar (D:11)
  Erica (D:10)
  A boulder beetle (D:11)
  4 two-headed ogres
  Urug (D:11)
  Sonja (D:10)
  Amaemon (D:10)
  An orc knight (Bailey)
  Pikel (D:4)
  A deep elf pyromancer (D:13)
  A manticore (D:11)
  A cyclops (D:12)
  2 ice statues (IceCv)
  2 gargoyles (D:12)
  An orange demon (D:10)
  A rime drake (D:11)
  2 komodo dragons
  An efreet (D:13)
  4 ice devils
  3 trolls
  Grinder (D:5)
  A hornet (D:7)
  Sigmund (D:2)
  2 wraiths
  10 yaks
  2 wyverns
  A steam dragon (D:6)
  Grum (D:10)
  3 vampire mosquitoes (D:10)
  2 harpy simulacra (IceCv)
  3 wargs (D:9)
  2 acid dragons
  2 water moccasins
  2 sky beasts (D:7)
  16 orc warriors
  8 ice beasts
  15 centaurs
  An ogre (D:6)
  6 wolves
  4 lemures (D:4)
  A kobold brigand (D:9)
  4 gnoll sergeants
  4 bullfrogs
  A scorpion (D:6)
  4 wights (D:10)
  9 killer bees (D:9)
  The ghost of confidenceinterval the Insei, a weakling MfSh (D:3)
  4 howler monkeys
  An electric eel (D:7)
  A jelly (D:8)
  3 orc priests
  3 hounds (D:6)
  2 sleepcaps
  Crazy Yiuf (D:2)
  4 iguanas
  Terence (D:3)
  7 orc wizards
  A troll simulacrum (IceCv)
  A wolf simulacrum (IceCv)
  14 adders
  20 gnolls
  A naga simulacrum (IceCv)
  A shadow imp (D:5)
  A white imp (IceCv)
  2 ufetubi
  4 worms (D:2)
  40 orcs
  5 bats
  4 endoplasms
  2 giant cockroaches
  13 goblins
  3 hobgoblins (D:2)
  4 jackals
  12 kobolds
  2 quokkas
  10 ball pythons
  3 frilled lizards (D:1)
  4 rats (D:3)
312 creatures vanquished.

Vanquished Creatures (others)
  An orc (Bailey)
1 creature vanquished.

Grand Total: 313 creatures vanquished

Notes
Turn   | Place    | Note
-------+----------+-------------------------------------------
     0 | D:5      | GordonOverkill the Vine Stalker Delver began the quest for
                  | the Orb.
     0 | D:5      | Reached XP level 1. HP: 11/11 MP: 2/2
    63 | D:5      | Noticed a howler monkey
    67 | D:5      | Noticed a lemure
    67 | D:5      | Noticed Pikel
    74 | D:5      | Noticed a lemure
    90 | D:4      | Noticed an iguana
   211 | D:4      | Reached XP level 2. HP: 7/16 MP: 1/4
   538 | D:2      | Reached skill level 1 in Ice Magic
   568 | D:2      | Reached skill level 1 in Air Magic
   568 | D:2      | Reached XP level 3. HP: 19/19 MP: 5/5
   573 | D:2      | Reached skill level 1 in Spellcasting
   573 | D:2      | Reached skill level 1 in Conjurations
  1203 | D:2      | Gained mutation: Your natural rate of healing is unusually
                  | fast. [Vine Stalker growth]
  1203 | D:2      | Reached XP level 4. HP: 23/23 MP: 6/6
  1391 | D:2      | Reached skill level 1 in Evocations
  1408 | D:2      | Reached skill level 3 in Fighting
  1727 | D:2      | Noticed Sigmund
  1742 | D:2      | Killed Sigmund
  1743 | D:2      | Reached XP level 5. HP: 25/28 MP: 5/9
  1743 | D:2      | Reached XP level 6. HP: 29/32 MP: 5/10
  1776 | D:2      | Learned a level 5 spell: Freezing Cloud
  1811 | D:2      | Found a faded altar of an unknown god.
  1906 | D:2      | Found a runed translucent door.
  1907 | D:2      | Noticed Crazy Yiuf
  2106 | D:2      | Killed Crazy Yiuf
  2425 | D:3      | Found a runed translucent gate.
  2426 | D:3      | Found a runed translucent gate.
  2428 | D:3      | Found a runed translucent gate.
  2431 | D:3      | Noticed confidenceinterval's ghost (weakling MfSh)
  2440 | D:3      | Identified the +9 whip of Olanwuhehi {heavy, rElec}
  2440 | D:3      | Identified the +4 scale mail "Cootol" {Harm}
  2620 | D:3      | Noticed Terence
  2628 | D:3      | Killed Terence
  2824 | D:3      | Killed confidenceinterval's ghost
  3141 | D:4      | Reached XP level 7. HP: 36/36 MP: 9/12
  3715 | D:4      | Killed Pikel
  3716 | D:4      | Reached skill level 5 in Evocations
  3716 | D:4      | Gained mutation: You have razor-sharp teeth. [Vine Stalker
                  | growth]
  3716 | D:4      | Reached XP level 8. HP: 31/40 MP: 11/13
  3889 | D:5      | Noticed Grinder
  3902 | D:5      | Killed Grinder
  4398 | D:6      | Reached XP level 9. HP: 44/44 MP: 16/16
  4455 | D:6      | Found a shadowy altar of Dithmenos.
  4456 | D:6      | Found a burning altar of Makhleb.
  4457 | D:6      | Found a white marble altar of Elyvilon.
  4493 | D:6      | Found a glowing golden altar of the Shining One.
  4495 | D:6      | Found a stormy altar of Qazlal.
  4496 | D:6      | Found a broken altar of Ashenzari.
  4497 | D:6      | Found a hide-covered altar of Uskayaw.
  4498 | D:6      | Found a blossoming altar of Fedhas.
  4619 | D:6      | Found a staircase to the Ecumenical Temple.
  4726 | Temple   | Entered the Ecumenical Temple
  5189 | D:7      | Reached skill level 5 in Spellcasting
  5189 | D:7      | Reached skill level 5 in Conjurations
  5189 | D:7      | Reached skill level 5 in Ice Magic
  5189 | D:7      | Reached skill level 5 in Air Magic
  5194 | D:7      | Noticed a hornet
  5209 | D:7      | Killed a hornet
  6219 | D:7      | Found an ancient bone altar of Kikubaaqudgha.
  6225 | D:7      | Found a shimmering blue altar of Sif Muna.
  6226 | D:7      | Found a radiant altar of Vehumet.
  6229 | D:7      | Got Kikubaaqudgha's Treatise on Cadavers
  6240 | D:7      | Became a worshipper of Vehumet
  6383 | D:8      | Found a flagged portal.
  6423 | Bailey   | Entered a bailey
  6557 | Bailey   | Reached XP level 10. HP: 37/49 MP: 13/20
  6753 | Bailey   | Reached * piety under Vehumet
  6753 | Bailey   | Offered knowledge of Shock by Vehumet.
  6851 | Bailey   | Identified 2 scrolls of acquirement
  6851 | Bailey   | Acquired the amulet "Ferull" {Reflect Will+ Str+4 Int+2
                  | SH+5}
  6955 | Bailey   | Noticed an orc knight
  6957 | Bailey   | Noticed an orc knight
  7061 | Bailey   | Killed an orc knight
  7431 | D:7      | Acquired the +1 pair of gloves of Gomniregh {rC+ Str+2
                  | Stlth-}
  7487 | D:8      | Noticed a two-headed ogre
  7498 | D:8      | Killed a two-headed ogre
  7927 | D:9      | Noticed a two-headed ogre
  7935 | D:9      | Killed a two-headed ogre
  7936 | D:9      | Reached skill level 4 in Fighting
  7965 | D:9      | Reached XP level 11. HP: 54/54 MP: 19/23
  7973 | D:9      | Offered knowledge of Scorch by Vehumet.
  8029 | D:9      | Reached ** piety under Vehumet
  8092 | D:9      | Reached skill level 5 in Fighting
  8292 | D:9      | Found a staircase to the Orcish Mines.
  8853 | D:10     | Entered Level 10 of the Dungeon
  8889 | D:10     | Noticed Amaemon
  8899 | D:10     | Killed Amaemon
  9165 | D:10     | Reached skill level 6 in Fighting
  9235 | D:10     | Reached skill level 7 in Fighting
  9301 | D:10     | Found a glowing silver altar of Zin.
  9301 | D:10     | Noticed an angel
  9353 | D:10     | Noticed Nergalle
  9558 | D:10     | Noticed Grum
  9586 | D:10     | Killed Grum
  9586 | D:10     | Offered knowledge of Ignite Poison by Vehumet.
  9587 | D:10     | Reached skill level 8 in Fighting
  9927 | D:10     | Noticed Sonja
  9946 | D:10     | Killed Sonja
 10030 | D:10     | Noticed Erica
 10056 | D:10     | Killed Erica
 10144 | D:10     | Reached *** piety under Vehumet
 10170 | D:11     | Noticed a manticore
 10176 | D:11     | Killed a manticore
 10342 | D:11     | Noticed a two-headed ogre
 10346 | D:11     | Killed a two-headed ogre
 10347 | D:11     | Reached XP level 12. HP: 65/65 MP: 21/25
 10373 | D:11     | Learned a level 3 spell: Mephitic Cloud
 10384 | D:11     | Noticed a two-headed ogre
 10389 | D:11     | Killed a two-headed ogre
 10533 | D:11     | Noticed Urug
 10556 | D:11     | Reached skill level 9 in Fighting
 10562 | D:11     | Killed Urug
 10720 | D:11     | Noticed a boulder beetle
 10729 | D:11     | Noticed Fannar
 10734 | D:11     | Killed a boulder beetle
 10744 | D:11     | Killed Fannar
 10760 | D:11     | Reached skill level 10 in Fighting
 10867 | D:11     | Offered knowledge of Airstrike by Vehumet.
 10882 | D:11     | Found a staircase to the Lair.
 11237 | D:11     | Learned a level 4 spell: Airstrike
 11578 | D:12     | Reached skill level 11 in Fighting
 12485 | D:12     | Reached skill level 12 in Fighting
 12788 | D:13     | Noticed Rupert
 13172 | Lair:1   | Entered Level 1 of the Lair of Beasts
 13331 | Lair:1   | Found a frozen archway.
 13430 | IceCv    | Entered an ice cave
 13739 | IceCv    | Reached **** piety under Vehumet
 14348 | IceCv    | Reached XP level 13. HP: 58/76 MP: 19/27
 14476 | IceCv    | HP: 3/76 [freezing wraith (2)]
 14478 | IceCv    | HP: 1/76 [three-headed hydra simulacrum (3)]
 14479 | IceCv    | Slain by a three-headed hydra simulacrum

Illustrated notes

Levels and vault maps discovered:
D:1:      minmay_arrival_semitransparent, layout_basic, minmay_surrounded
D:2:      layout_loops_corners, hellmonk_ecumenical_altar_zigzags,
          feat_on_display, uniq_crazy_yiuf_cottage, uniq_sigmund
D:3:      layout_loops_ring, biasface_ghost_orc_armoury, uniq_terence
D:4:      layout_basic, hangedman_decor_opposing
D:5:      layout_rooms, guppyfry_early_lair_pool, uniq_pikel, uniq_grinder
D:6:      layout_loops_corners, grunt_temple_overflow_open,
          minmay_temple_entry_slanted
D:7:      cheibrodos_helix_gallery, layout_gridville,
          grunt_temple_overflow_magic_moments
D:8:      layout_rooms, enter_bailey_3, bh_walls_and_bars
D:9:      layout_basic, minmay_orc_entry_guard_dogs, hangedman_decor_points
D:10:     layout_roguey, zin_angel, uniq_erica, uniq_grum, uniq_amaemon,
          uniq_sonja, uniq_nergalle
D:11:     layout_cave_pools, hellmonk_lair_entry_icy, uniq_fannar, uniq_urug
D:12:     layout_gridville, minmay_misc_feat_chi
D:13:     layout_rooms, hangedman_vaults_entry_quadrant_bands,
          kennysheep_small_square, uniq_rupert
Temple:   compressed_dpeg_circular_temple
Lair:1:   layout_gridlike, portal_ice_cave_demonic_guard,
          gauntlet_entry_generic, chequers_serial_rivers_micro_b
IceCv:    ice_cave_tombish

Skill      XL: |  1  2  3  4  5  6  7  8  9 10 11 12 |
---------------+-------------------------------------+-----
Ice Magic      | 1 2 3 4 6 7 8 9 |  9.3
Air Magic      | 1 2 3 4 6 7 8 9 |  9.3
Spellcasting   | 1 2 3 4 6 7 8 9 |  9.3
Conjurations   | 1 2 3 4 6 7 8 9 |  9.3
Evocations     | 1 2 5 |  5.0
Fighting       | 3 4 8 12 | 12.4
Polearms       | |  1.7
Dodging        | |  1.5
Stealth        | |  6.0

Action                     |  1- 3 |  4- 6 |  7- 9 | 10-12 | 13-15 || total
---------------------------+-------+-------+-------+-------+-------++-------
  Melee: Spear             |    15 |       |       |       |       ||    15
         Bite              |     4 |    15 |    94 |   177 |     2 ||   292
         Trident           |    43 |   126 |   363 |   122 |       ||   654
         Punch             |       |     1 |     5 |     2 |       ||     8
         Halberd           |       |       |       |   397 |     4 ||   401
  Throw: Throwing net      |       |       |       |     1 |       ||     1
   Cast: Freezing Cloud    |       |       |       |    14 |       ||    14
         Airstrike         |       |       |       |    69 |     7 ||    76
         Mephitic Cloud    |       |       |       |    10 |       ||    10
  Evoke: Wand              |     1 |       |     3 |     7 |       ||    11
    Use: Scroll            |       |     3 |     5 |    19 |       ||    27
         Potion            |       |     1 |     1 |     2 |     2 ||     6
   Stab: Sleeping          |    13 |    10 |    10 |     3 |     1 ||    37
         Distracted        |       |     1 |       |     1 |       ||     2
         Paralysed         |       |       |    15 |    17 |       ||    32
         Held in net/web   |       |       |       |     1 |       ||     1
         Confused          |       |       |       |     1 |       ||     1
 Armour: Leather armour    |     6 |    25 |   157 |    22 |       ||   210
         Ring mail         |       |       |       |   283 |    18 ||   301
         Crystal plate arm |       |       |       |    12 |       ||    12
  Dodge: Dodged            |    21 |    79 |   264 |   327 |    18 ||   709
  Block: Other             |       |       |       |   137 |     7 ||   144
         Reflection        |       |       |       |     8 |       ||     8

Table legend: (Time is in decaauts)
 A = Elapsed time spent in this place.
 B = Non-inter-level travel time spent in this place.
 C = Inter-level travel time spent in this place.
 D = Time resting spent in this place.
 E = Time spent auto-exploring this place.
 F = Levels seen in this place.
 G = Mean time per level.
                   A        B        C        D        E       F      G
               +--------+--------+--------+--------+--------+-----+--------+
         Total |  14936 |  13925 |   1011 |   4372 |   5583 |  17 |  878.6 |
       Dungeon |  12538 |  11528 |   1010 |   3034 |   5431 |  13 |  964.5 |
        Temple |      1 |      1 |      0 |      0 |      0 |   1 |    1.0 |
          Lair |    260 |    260 |      0 |    194 |      0 |   1 |  260.0 |
        Bailey |   1059 |   1059 |      0 |    287 |    151 |   1 | 1059.0 |
      Ice Cave |   1077 |   1077 |      0 |    857 |      0 |   1 | 1077.0 |
               +--------+--------+--------+--------+--------+-----+--------+

Top non-repeatable levels by time:
    D:12: 1689 daAuts
     D:6: 1442 daAuts
     D:9: 1300 daAuts
     D:2: 1203 daAuts
    D:11: 1148 daAuts
    D:10: 1088 daAuts
   IceCv: 1077 daAuts
  Bailey: 1059 daAuts
     D:4: 1018 daAuts
     D:3: 873 daAuts
     D:7: 817 daAuts
     D:8: 668 daAuts
     D:1: 576 daAuts
     D:5: 507 daAuts
  Lair:1: 260 daAuts
